 Dungeon Crawl Stone Soup version 0.20.0-10-g0535bb4 (webtiles) character file.

97 Alarkh the Chopper (level 4, -2/35 HPs)
             Began as a Demonspawn Monk on June 3, 2017.
             Slain by Crazy Yiuf
             ... wielding a +3 quarterstaff of chaos
              (3 damage)
             ... on level 2 of the Dungeon.
             The game lasted 00:03:41 (2365 turns).

Alarkh the Chopper (Demonspawn Monk)                Turns: 2365, Time: 00:03:43

Health: -2/35      AC:  5    Str: 12    XL:     4   Next: 42%
Magic:  4/4        EV: 13    Int: 14    God:
Gold:   74         SH:  0    Dex: 15    Spells: 3/3 levels left

rFire    . . .     SeeInvis .   a - +0 hand axe
rCold    + . .     Gourm    .   (no shield)
rNeg     . . .     Faith    .   b - +0 robe
rPois    .         Spirit   .   m - +1 helmet
rElec    .         Reflect  .   (no cloak)
rCorr    .         Harm     .   (no gloves)
MR       .....                  (no boots)
Stlth    ++........             (no amulet)
Regen    0.6/turn               s - +2 ring of slaying
MPRegen  0.1/turn               (no ring)

@: flying
A: talons 1, clever 1, cold resistance 1, regeneration 1, shaggy fur 1
a: no special abilities


You were on level 2 of the Dungeon.
You were not hungry.

You visited 1 branch of the dungeon, and saw 2 of its levels.

You collected 74 gold pieces.

Inventory:

Hand Weapons
 a - a +0 hand axe (weapon)
Armour
 b - a +0 robe (worn)
 i - a +1 helmet
 m - a +1 helmet (worn)
Jewellery
 s - a +2 ring of slaying (left hand)
Scrolls
 g - 2 scrolls of blinking
 l - a scroll of noise {unknown}
 t - a scroll of fog {unknown}
Potions
 j - a potion of might
 q - a potion of resistance
Comestibles
 c - a bread ration
 d - 2 fruits
 f - a chunk of flesh
 n - a meat ration
 p - a royal jelly


   Skills:
 - Level 3.0 Fighting
 + Level 4.8 Axes
 - Level 2.6 Dodging
 - Level 1.7 Stealth


You had 3 spell levels left.
You didn't know any spells.

Dungeon Overview and Level Annotations

Branches:
Dungeon (2/15)

Altars:
Cheibriados
Fedhas

Annotations:
D:2 Crazy Yiuf


Innate Abilities, Weirdness & Mutations

You have sharp toenails.
Your flesh is cold resistant. (rC+)
Your mind is acute. (Int +2)
Your natural rate of healing is unusually fast.
You are covered in fur. (AC +1)


Message History

Crazy Yiuf closely misses you.
You closely miss Crazy Yiuf. Your kick misses Crazy Yiuf.
Crazy Yiuf is severely wounded.
Crazy Yiuf hits you with a quarterstaff of chaos!
You are electrocuted!
Ouch! That really hurt!
* * * LOW HITPOINT WARNING * * *
You are too injured to fight recklessly!
You are too injured to fight recklessly!
You are too injured to fight recklessly!
You are too injured to fight recklessly!
You are too injured to fight recklessly!
You are too injured to fight recklessly!
You are too injured to fight recklessly!
You are too injured to fight recklessly!
Okay, then.
You hit Crazy Yiuf but do no damage.
Crazy Yiuf is severely wounded.
Crazy Yiuf hits you with a quarterstaff of chaos.
You die...

....)..##
#....#
#.....##
♣P..P♣
##...##
♣..P♣♣ ##'##
♣♣.♣♣ ###.##
♣.♣♣ P....#
♣♣.♣
.##..#######
♣.♣♣
P#.........#
♣♣.♣
#.....####.#
#@#
...........#
#.g.#
##.....###.#
#...#
.......# #.#
#..)#
###.#.## #.#
#####
#.#.####.# #
#.#......#
###.########
P##.####


You could see Crazy Yiuf.

Vanquished Creatures
  Robin (D:2)
  A gnoll (D:1)
  2 adders (D:2)
  A worm (D:2)
  2 dart slugs
  3 giant cockroaches
  11 goblins
  5 hobgoblins
  6 jackals
  3 kobolds (D:1)
  A quokka (D:2)
  A ball python (D:2)
  2 bats
  2 frilled lizards
  9 rats
50 creatures vanquished.

Notes
Turn   | Place    | Note
-------+----------+-------------------------------------------
     0 | D:1      | Alarkh the Demonspawn Monk began the quest for the Orb.
     0 | D:1      | Reached XP level 1. HP: 18/18 MP: 1/1
    96 | D:1      | Reached skill level 3 in Axes
   439 | D:1      | Gained mutation: Your flesh is cold resistant. (rC+) [demonic ancestry]
   439 | D:1      | Reached XP level 2. HP: 22/24 MP: 2/2
   904 | D:1      | Gained mutation: You have sharp toenails. [demonic ancestry]
   904 | D:1      | Reached XP level 3. HP: 26/29 MP: 3/3
  1247 | D:2      | Noticed Robin
  1248 | D:2      | Reached skill level 4 in Axes
  1256 | D:2      | Killed Robin
  1447 | D:2      | Found a blossoming altar of Fedhas.
  1529 | D:2      | Found a snail-covered altar of Cheibriados.
  1541 | D:2      | Reached XP level 4. HP: 32/35 MP: 4/4
  2346 | D:2      | Found a runed door.
  2353 | D:2      | Gained mutation: You are covered in fur. (AC +1) [potion of mutation]
  2353 | D:2      | Gained mutation: Your mind is acute. (Int +2) [potion of mutation]
  2353 | D:2      | Gained mutation: Your natural rate of healing is unusually fast. [potion of mutation]
  2355 | D:2      | Noticed Crazy Yiuf
  2364 | D:2      | HP: 1/35 [Crazy Yiuf/quarterstaff of chaos (20)]
  2365 | D:2      | Slain by Crazy Yiuf

Skill      XL: |  1  2  3 |
---------------+----------+-----
Axes           | 3 4 |  4.8
Fighting       | |  3.0
Dodging        | |  2.6
Stealth        | |  1.7

Action                   |  1- 3 |  4- 6 || total
-------------------------+-------+-------++-------
Melee: Hand axe          |   100 |    56 ||   156
       Kick              |     8 |    14 ||    22
  Use: Scroll            |     1 |       ||     1
       Potion            |     1 |     5 ||     6
 Stab: Sleeping          |     5 |     2 ||     7
       Distracted        |     1 |       ||     1
  Eat: Chunk             |     2 |     3 ||     5
Armor: Robe              |    19 |     8 ||    27
Dodge: Dodged            |    65 |    40 ||   105
